 Dungeon Crawl Stone Soup version 0.28-a0-984-g3775c662fe (webtiles) character file.

Game seed: 14330999792203919781

124 meatgazer the Distorting Demonspawn (level 4, -1/29 HPs)
             Began as a Demonspawn Abyssal Knight on Dec 3, 2021.
             Was a Believer of Lugonu.
             Slain by a gnoll (5 damage)
             ... on level 3 of the Dungeon.
             The game lasted 00:05:07 (4959 turns).

meatgazer the Distorting Demonspawn (DsAK)          Turns: 4959, Time: 00:05:07

Health: -1/29      AC:  3    Str: 11 (16) XL:     4   Next: 81%
Magic:  7/7        EV: 11    Int:  6 (9)  God:    Lugonu [**....]
Gold:   1547       SH:  0    Dex:  3 (11) Spells: 3/3 levels left

rFire   . . .      SeeInvis .   a - +1 falchion
rCold   . . .      Faith    .   (no shield)
rNeg    . . .      Spirit   .   b - +0 leather armour
rPois   .          Reflect  .   (no helmet)
rElec   .          Harm     .   (no cloak)
rCorr   .          Rampage  .   (no gloves)
Will    .....      Rnd*Tele +   (no boots)
Stlth   ..........              (no amulet)
HPRegen 0.09/turn               f - ring of flight
MPRegen 0.10/turn               (no ring)

@: flying
A: ignite blood 1, weakness stinger 1, demonic touch 1, stinger 1, teleportitis
1, [clumsy 1], [deterioration 1], [dopey 1], [frail 2]
a: Renounce Religion, Depart the Abyss, Bend Space


You were on level 3 of the Dungeon.
You worshipped Lugonu.
Lugonu was pleased with you.
You visited 1 branch of the dungeon, and saw 4 of its levels.
You visited the Abyss 1 time.

You collected 1547 gold pieces.

Inventory:

Hand Weapons
 a - a +1 falchion (weapon)
Armour
 b - a +0 leather armour (worn)
Magical Staves
 e - a staff of cold
Jewellery
 f - a ring of flight (left hand)
Scrolls
 c - a scroll of identify
Potions
 d - a potion of haste


   Skills:
 + Level 4.0 Fighting
 + Level 3.0 Long Blades
 - Level 1.9 Armour
 - Level 0.8 Dodging
 + Level 4.1 Invocations


You had 3 spell levels left.
You didn't know any spells.
Your spell library contained the following spells:

 Spells                   Type           Power      Damage    Failure   Level
 Corpse Rot               Necr/Air       0%         N/A       69%         2
 Poisonous Vapours        Pois/Air       0%         N/A       69%         2
 Animate Armour           Summ/Erth      0%         N/A       100%        4
 Blade Hands              Tmut           0%         N/A       100%        5
 Iron Shot                Conj/Erth      0%         9d1       100%        6


Dungeon Overview and Level Annotations

Branches:
Dungeon (4/15)
 Temple: D:4-7

Altars:
Hepliaklqana

Annotations:
D:4 Grinder


Innate Abilities, Weirdness & Mutations

Your demonic aura sometimes causes spilled blood to erupt in flames.
You have a small tail.
Your touch may inflict minor irresistible damage on your foes.
Your tail ends in a venomous barb.
You are occasionally teleported next to monsters.
[You are clumsy. (Dex -2)]
[Your body sometimes deteriorates upon taking damage.]
[You are dopey. (Int -2)]
[You are very frail. (-20% HP)]


Message History

You feel yourself speed up.
There is an open door here.
You start resting.
A gnoll is nearby!
There is an open door here.
A gnoll is nearby!
You start resting.
A gnoll is nearby!
A gnoll is nearby!
Your extra speed is starting to run out.
The gnoll hits you with a +0 flail.
* * * LOW HITPOINT WARNING * * *
Your body deteriorates!
You feel weakened.
There is an open door here.
You feel yourself slow down.
There is a stone staircase leading down here.
You fly downwards.
The goblin shouts!
Found a scroll of identify and 15 stones.
Found a stone staircase leading down.
There is a stone staircase leading up here.
A goblin is nearby!
Grinder comes into view.
The goblin closely misses you.
You closely miss the goblin.
You touch the goblin.
You kill the goblin!
Lugonu accepts your kill.
Grinder blinks!
There is a stone staircase leading up here.
Grinder is nearby!
Grinder gestures at you.
You suddenly lose the ability to move!
Grinder says, "Don't move a muscle."
Grinder gestures at you.
You shrug off the repeated paralysis!
Grinder gestures at you. You resist with significant effort.
You can move again.
You fly upwards.
The gnoll hits you with a +0 flail.
You die...

#.....###...≈.≈≈##..
#.....# #.##.≈≈###..
#.....# #.##.≈.# ###
#####'#####.##...#####
#...........###.......
#.###.####### ######..
#.# #.# #.# #.#
#.##############.#
#.###@................
#...gg......#######...
#####.##.#### #.†....#
#.##'######.###.##
#.#......##...#.##
#.#......####.#.##
#......).##...#...
#######'.##†###### #
#≈≈≈≈≈#....######


You could see 2 gnolls.

Vanquished Creatures
  Jessica (D:2)
  A gnoll (D:3)
  An adder (D:2)
  A worm (D:2)
  2 dart slugs (D:1)
  7 bats
  10 endoplasms
  2 giant cockroaches
  7 goblins
  4 hobgoblins
  3 jackals (D:3)
  3 quokkas
  5 ball pythons
  4 frilled lizards
  7 kobolds
  11 rats
69 creatures vanquished.

Notes
Turn   | Place    | Note
-------+----------+-------------------------------------------
     0 | Abyss:1  | meatgazer the Demonspawn Abyssal Knight began the quest for
                  | the Orb.
     0 | Abyss:1  | Reached XP level 1. HP: 18/18 MP: 2/2
    95 | Abyss:2  | Noticed a ynoxinul
   100 | Abyss:2  | Noticed a wretched star
   106 | Abyss:2  | Noticed a small abomination
   108 | Abyss:2  | Identified a scroll of acquirement
   108 | Abyss:2  | Acquired 1342 gold pieces
   110 | D:1      | Escaped the Abyss
   751 | D:1      | Discovered your monstrous ancestry.
   751 | D:1      | Gained mutation: Your touch may inflict minor irresistible
                  | damage on your foes. [demonic ancestry]
   751 | D:1      | Reached XP level 2. HP: 12/19 MP: 4/4
   929 | D:1      | Reached * piety under Lugonu
  1529 | D:1      | Gained mutation: You have a small tail. [demonic ancestry]
  1529 | D:1      | Reached XP level 3. HP: 19/23 MP: 5/5
  2099 | D:2      | Noticed Jessica
  2927 | D:2      | Killed Jessica
  3098 | D:2      | Gained mutation: Your demonic aura sometimes causes spilled
                  | blood to erupt in flames. [demonic ancestry]
  3098 | D:2      | Reached XP level 4. HP: 28/29 MP: 6/6
  3879 | D:2      | Gained mutation: You are occasionally teleported next to
                  | monsters. [potion of mutation]
  3879 | D:2      | Gained mutation: You are robust. (+10% HP) [potion of
                  | mutation]
  4359 | D:2      | Lost mutation: You are robust. (+10% HP) [potion of
                  | mutation]
  4359 | D:2      | Gained mutation: Your tail ends in a venomous barb. [potion
                  | of mutation]
  4445 | D:3      | Found a hazy altar of Hepliaklqana.
  4732 | D:3      | Reached ** piety under Lugonu
  4949 | D:4      | Noticed Grinder
  4953 | D:4      | Paralysed by Grinder for 6 turns
  4959 | D:3      | Slain by a gnoll

Illustrated notes

Levels and vault maps discovered:
D:1:      dpeg_arrival_brainrot, layout_loops_ring, minmay_cupped
D:2:      layout_rooms, kennysheep_jessica_study
D:3:      layout_basic, mainiacjoe_overflow_small_starburst, serial_rivers,
          chequers_serial_rivers_room_a, chequers_serial_rivers_room_a,
          chequers_serial_rivers_small_b, chequers_serial_rivers_small_b,
          chequers_serial_rivers_marsh, wad_floor_pattern_untrapped
D:4:      layout_basic, nicolae_ru_path_of_blood, temple_doors_ab, uniq_edmund,
          uniq_natasha, uniq_grinder

Skill      XL: |  1  2  3  4 |
---------------+-------------+-----
Long Blades    | 2 3 |  3.0
Invocations    | 3 4 |  4.1
Fighting       | 4 |  4.0
Armour         | |  1.9
Dodging        | |  0.8

Action                   |  1- 3 |  4- 6 || total
-------------------------+-------+-------++-------
Melee: Falchion          |    77 |   107 ||   184
       Touch             |    12 |     7 ||    19
       Tailslap          |     2 |     3 ||     5
Invok: Depart the Abyss  |     1 |       ||     1
  Use: Potion            |     4 |     3 ||     7
       Scroll            |     4 |     4 ||     8
 Stab: Sleeping          |     1 |       ||     1
Armor: Leather armour    |    25 |    34 ||    59
Dodge: Dodged            |    59 |    67 ||   126

Table legend: (Time is in decaauts)
 A = Elapsed time spent in this place.
 B = Non-inter-level travel time spent in this place.
 C = Inter-level travel time spent in this place.
 D = Time resting spent in this place.
 E = Time spent auto-exploring this place.
 F = Levels seen in this place.
 G = Mean time per level.
                   A        B        C        D        E       F      G
               +--------+--------+--------+--------+--------+-----+--------+
         Total |   4983 |   4928 |     55 |   2222 |   2123 |   6 |  830.5 |
       Dungeon |   4873 |   4818 |     55 |   2220 |   2065 |   4 | 1218.2 |
         Abyss |    109 |    109 |      0 |      2 |     58 |   2 |   54.5 |
               +--------+--------+--------+--------+--------+-----+--------+

Top non-repeatable levels by time:
     D:1: 2797 daAuts
     D:2: 1514 daAuts
     D:3: 550 daAuts
 Abyss:2: 78 daAuts
 Abyss:1: 31 daAuts
     D:4: 11 daAuts
